Map: Cyber Forest LE

Players

obey

  • Race: Protoss Protoss
  • League: Master
  • Spawn Location: 11:00

Bundaberg - Winner!

  • Race: Zerg Zerg
  • League: Master
  • Spawn Location: 5:00

VOD

Have the link to the VOD?

Description

Time

  • Played on: Feb. 10, 2019, 2:45 a.m.
  • Length: 9:02
Show
View Real Time Build Order
Export as new Build Order

obey Protoss 

Build Orders:  

Get SALT Encoding   

  1  0:00  Probe  
  12  0:06  Probe  
  14  0:16  Probe  
  15  0:24  Pylon  
  15  0:42  Probe  
  16  0:48  Gateway  
  16  0:51  Forge  
  16  0:57  Pylon  
  16  1:02  Assimilator  
  16  1:28  Photon Cannon  
  16  1:29  Photon Cannon  
  16  1:33  Pylon  
  16  1:35  Probe  
  17  1:43  Probe  
  17  1:57  Cybernetics Core  
  17  2:03  Pylon  
  17  2:09  Probe  
  18  2:21  Probe  
  19  2:22  Photon Cannon  
  19  2:34  Photon Cannon  
  19  2:49  Robotics Facility  
  19  2:54  Shield Battery  
  19  3:07  Shield Battery  
  19  3:09  Shield Battery  
  19  3:13  Pylon  
  19  3:23  Shield Battery  
  19  3:27  Shield Battery  
  19  3:33  Immortal  
  23  3:49  Probe  
  24  3:57  Shield Battery  
  24  4:04  Immortal  
  28  4:29  Shield Battery  
  28  4:34  Shield Battery  
  28  4:35  Warp Prism  
  30  5:03  Shield Battery  
  30  5:04  Shield Battery  
  30  5:06  Shield Battery  
  30  5:09  Pylon  
  19  5:54  Immortal  
  12  6:33  Warp Prism  
  14  7:09  Observer  
  15  8:05  Observer  
Show
View Real Time Build Order
Export as new Build Order

Bundaberg Zerg - Winner!

Build Orders: Hatch First, Roach Nydus 

Get SALT Encoding   

  12  0:01  Drone  
  13  0:13  Overlord  
  13  0:18  Drone  
  14  0:31  Drone x2  
  16  0:51  Hatchery  
  16  0:52  Drone  
  16  0:56  Drone  
  17  1:02  Drone  
  18  1:18  Spawning Pool  
  18  1:20  Extractor  
  16  1:53  Drone x3  
  18  2:08  Spine Crawler  
  17  2:16  Drone x4, Roach Warren  
  20  2:26  Queen  
  22  2:41  Zergling x6  
  22  2:42  Zergling x2  
  26  2:49  Overlord  
  25  3:08  Roach x4  
  25  3:11  Extractor  
  34  3:22  Drone x3  
  35  3:37  Lair  
  35  3:45  Overlord x2  
  35  3:47  Drone  
  36  3:49  Metabolic Boost  
  36  4:05  Zergling x2  
  36  4:06  Zergling x8  
  41  4:20  Roach  
  41  4:21  Roach  
  40  4:35  Queen  
  40  4:37  Zergling x2, Nydus Network  
  38  4:47  Zergling x6  
  40  4:55  Zergling x6  
  43  5:06  Ravager  
  44  5:08  Zergling x2  
  44  5:09  Zergling x6  
  46  5:18  Nydus Canal  
  46  5:28  Zergling x4  
  44  5:35  Queen  
  36  5:59  Zergling x2  
  36  6:00  Zergling x4  
  39  6:11  Queen  
  41  6:30  Overlord  
  41  6:32  Zergling x2  
  42  6:38  Hatchery  
  40  6:54  Queen  
  39  7:19  Spire, Zergling x2  
  39  7:20  Zergling x4  
  36  7:46  Hatchery  
  36  7:48  Queen  
  32  8:32  Mutalisk  
  32  8:33  Mutalisk x5  
  43  8:45  Drone  
  43  8:46  Drone  
Tags
 
Add a new tag
Caveats
  • Supply blocks, unpowered buildings, or Contaminate may cause inaccurate times.
  • Supply counts are checked every 10 seconds.